 Dungeon Crawl Stone Soup version 0.21-a0-529-g8c7b3f5 (webtiles) character file.

27990 zero the Earth Mage (level 13, -11/76 HPs)
             Began as a Gargoyle Earth Elementalist on Dec 10, 2017.
             Was a High Priest of Vehumet.
             Mangled by a minotaur
             ... wielding the +9 halberd of the Purple Skies {drain, rN+ Str+3}
              (28 damage)
             ... in a labyrinth.
             The game lasted 00:42:43 (20633 turns).

zero the Earth Mage (Gargoyle Earth Elementalist)  Turns: 20633, Time: 00:42:44

Health: -11/76     AC: 16    Str: 13    XL:     13   Next: 36%
Magic:  0/35       EV: 15    Int: 26    God:    Vehumet [*****.]
Gold:   412        SH:  0    Dex: 10    Spells: 6/30 levels left

rFire    + . .     SeeInvis .   F - +7 trident of Ancient Evil {flame, rC+ MP+9}
rCold    + + +     Gourm    .   (no shield)
rNeg     + . .     Faith    .   J - +1 robe {rC+}
rPois    ∞         Spirit   +   (helmet restricted)
rElec    +         Reflect  .   (no cloak)
rCorr    .         Harm     .   T - +2 pair of gloves
MR       .....                  B - +0 pair of boots
Stlth    ++........             U - amulet of guardian spirit
HPRegen  0.22/turn              R - ring of protection from fire
MPRegen  0.24/turn              I - ring of wizardry

@: no status effects
A: horns 1, clever 2, cold resistance 1, negative energy resistance 1,
electricity resistance, strong 1, wild magic 1, unbreathing, petrification
resistance, rot immunity, AC +9
a: Renounce Religion


You were in a labyrinth.
You worshipped Vehumet.
Vehumet was extremely pleased with you.
You were not hungry.

You visited 3 branches of the dungeon, and saw 16 of its levels.
You also visited: Labyrinth and Sewer.

You collected 772 gold pieces.
You spent 360 gold pieces at shops.

Inventory:

Hand Weapons
 l - a +1 hunting sling of freezing
 x - a +3 short sword of venom
 E - a +2 dagger of venom
 F - the +7 trident of Ancient Evil (weapon) {flame, rC+ MP+9}
   (You found it on level 8 of the Dungeon)

   It has been specially enchanted to burn those struck by it, causing extra
   injury to most foes and up to half again as much damage against particularly
   susceptible opponents.
   It protects you from cold.
   It affects your magic capacity (+9).
Missiles
 b - 149 stones (quivered)
 z - 2 throwing nets
Armour
 B - a +0 pair of boots (worn)
 J - a +1 robe of cold resistance (worn)
 T - a +2 pair of gloves (worn)
Magical Staves
 y - an uncursed staff of death
Jewellery
 I - a ring of wizardry (right hand)
 R - a ring of protection from fire (left hand)
 U - an amulet of guardian spirit (around neck)
Wands
 A - a wand of iceblast (9)
 D - a wand of disintegration (18)
 G - a wand of enslavement (17)
 K - a wand of clouds (7)
 N - a wand of polymorph (7)
 W - a wand of digging (15)
Scrolls
 a - 5 scrolls of enchant armour
 f - 9 scrolls of teleportation
 k - a scroll of blinking
 m - 7 scrolls of remove curse
 o - 2 scrolls of magic mapping
 C - 2 scrolls of enchant weapon
 H - 3 scrolls of fear
 O - a scroll of fog
 Q - 2 scrolls of identify
Potions
 i - 2 potions of might
 j - 3 potions of agility
 n - 3 potions of invisibility
 p - 3 potions of brilliance
 q - 2 potions of ambrosia
 r - 3 potions of resistance
 u - 3 potions of magic
 w - 5 potions of curing
 L - a potion of haste
 M - 2 potions of flight
Books
 c - a book of Summonings

   Spells                             Type                      Level
   a - Recall                         Summoning/Translocation      3
   b - Aura of Abjuration             Summoning                    5
   c - Summon Demon                   Summoning                    5
   d - Summon Forest                  Summoning/Translocation      5
   e - Summon Mana Viper              Hexes/Summoning              5
   f - Shadow Creatures               Summoning                    6
 e - a book of Geomancy

   Spells                             Type                      Level
   a - Sandblast                      Earth                        1
   b - Passwall                       Transmutation/Earth          2
   c - Stone Arrow                    Conjuration/Earth            3
   d - Petrify                        Transmutation/Earth          4
   e - Lee's Rapid Deconstruction     Earth                        5
 s - a book of Cantrips

   Spells                             Type                      Level
   a - Confusing Touch                Hexes                        1
   b - Animate Skeleton               Necromancy                   1
   c - Summon Small Mammal            Summoning                    1
   d - Apportation                    Translocation                1
 X - a book of Alchemy

   Spells                             Type                      Level
   a - Sublimation of Blood           Necromancy                   2
   b - Ignite Poison                  Fire/Transmutation/Poison    3
   c - Petrify                        Transmutation/Earth          4
   d - Alistair's Intoxication        Transmutation/Poison         5
   e - Irradiate                      Conjuration/Transmutation    5
 Y - a book of Changes

   Spells                             Type                      Level
   a - Beastly Appendage              Transmutation                1
   b - Sticks to Snakes               Transmutation                2
   c - Spider Form                    Transmutation/Poison         3
   d - Ice Form                       Ice/Transmutation            4
   e - Blade Hands                    Transmutation                5
Comestibles
 d - 8 bread rations
 h - 3 meat rations
 P - 9 royal jellies
 V - 3 fruits


   Skills:
 - Level 7.0 Fighting
 + Level 6.7 Dodging
 - Level 2.1 Stealth
 * Level 9.2 Spellcasting
 * Level 8.6 Conjurations
 - Level 4.0 Hexes
 - Level 4.1 Translocations
 - Level 0.7 Transmutations
 + Level 5.8 Fire Magic
 - Level 15.1 Earth Magic


You had 6 spell levels left.
You knew the following spells:

 Your Spells              Type           Power        Failure   Level  Hunger
a - Sandblast             Erth           ######       1%          1    None
b - Stone Arrow           Conj/Erth      ######       1%          3    None
c - Lee's Rapid Deconstr  Erth           #######...   1%          5    ####...
d - Apportation           Tloc           #####.       1%          1    None
e - Confusing Touch       Hex            #####.       1%          1    None
f - Ignite Poison         Fire/Tmut/Pois ####....     1%          3    None
g - Sticky Flame          Conj/Fire      ######..     1%          4    #......
h - Iron Shot             Conj/Erth      #######...   1%          6    ######.


Dungeon Overview and Level Annotations

Branches:
Dungeon (10/15)            Temple (1/1) D:5            Lair (5/6) D:10
  Swamp (0/4) Lair:4       Spider (0/4) Lair:4        Slime (0/5) Lair:5
    Orc (0/2) D:9

Altars:
Ashenzari
Cheibriados
Dithmenos
Elyvilon
Fedhas
Gozag
Hepliaklqana
Kikubaaqudgha
Makhleb
Nemelex Xobeh
Okawaru
Qazlal
Ru
Sif Muna
Trog
Uskayaw
Vehumet
Wu Jian
Xom
Yredelemnul
Zin
The Shining One

Shops:
D:7 *   D:8 [=(((


Innate Abilities, Weirdness & Mutations

You are resistant to torment.
Your stone body is resilient. (AC +9)
You are immune to poison.
You resist negative energy. (rN+)
You are resistant to electric shocks. (rElec)
You can survive without breathing.
You are immune to petrification.
You are immune to rotting.
You have a pair of small horns on your head.
Your mind is very acute. (Int +4)
Your flesh is cold resistant. (rC+)
Your muscles are strong. (Str +2)
Your spells are a little harder to cast, but a little more powerful.


Message History

The blast of sand hits the minotaur.
The minotaur is almost dead.
b - 150 stones The minotaur hits you from afar with a brightly glowing halberd {drain}!!
Casting: Sandblast
Confirm with . or Enter, or press ? or * to list all spells.
Aiming: Sandblast
Press: ? - help, Shift-Dir - straight line, f/p - minotaur
Aim: a minotaur, wielding a brightly glowing halberd {drain} and wearing a shiny plate armour (almost dead)
The blast of sand hits the minotaur.
The minotaur is almost dead.
b - 149 stones The minotaur hits you from afar with a brightly glowing halberd {drain}!!
* * * LOW HITPOINT WARNING * * *
Evoke which item? (* to show all) (? for menu, Esc to quit)
Okay, then.
You feel better. The minotaur completely misses you.
You feel better.
The minotaur hits you from afar with a brightly glowing halberd {drain}!!
You die...

# # # . .. .
. # # #####
#.. # ####
#.## # . .
#.. #.#.# #
#.## ##.#.#
.. #@#.....
.# #
.#.#######.#
. # #
.#H#.... .#
. # .#
#.##..###.#
# . . #
.#.......#.
#.# . #
.#######.#.#
#.# .. ... .
... #. # .#
.... # ## #
## # . # # #
# .. . ..
...


You could see a minotaur.

Vanquished Creatures
  Fannar (D:9)
  A catoblepas (Lair:4)
  Erica (D:10)
  2 two-headed ogres
  2 unseen horrors
  Pikel (D:8)
  The ghost of KristoblXynda the Chopper, a novice BaGl (D:5)
  An oklob plant (Lair:1)
  Maurice (D:8)
  7 black mambas
  6 spiny frogs
  3 rime drakes
  6 trolls
  4 jumping spiders (Lair:4)
  A queen bee (Lair:1)
  5 hippogriffs
  A wyvern (Lair:4)
  4 redbacks (Lair:4)
  13 yaks
  Grum (D:8)
  2 basilisks (Lair:3)
  3 wargs (D:10)
  8 water moccasins
  6 porcupines
  11 orc warriors
  3 sky beasts
  2 black bears
  2 ice beasts
  6 phantoms
  7 ogres
  12 wolves
  A centaur (D:5)
  8 crocodiles
  3 big kobolds
  2 gnoll sergeants (D:9)
  10 bullfrogs
  A wyvern zombie (D:9)
  4 scorpions
  37 killer bees
  3 wights (D:8)
  An electric eel (Lair:1)
  A jelly (D:10)
  3 crimson imps
  A centaur zombie (D:6)
  3 hounds
  2 bullfrog zombies
  11 orc priests
  A bullfrog skeleton (D:5)
  A gnoll shaman (D:6)
  A centaur skeleton (D:6)
  4 iguanas
  15 orc wizards
  8 worker ants
  A hound zombie (D:10)
  A worker ant zombie (D:7)
  A howler monkey skeleton (D:9)
  14 gnolls
  12 adders
  3 river rats (Sewer)
  3 shadow imps
  An ooze (D:6)
  2 adder skeletons
  3 adder zombies (D:5)
  3 dart slugs
  9 leopard geckos
  61 orcs
  6 giant cockroaches
  8 hobgoblins
  20 jackals
  2 quokkas
  9 bats
  15 frilled lizards
  6 goblins
  16 kobolds
  2 leopard gecko skeletons
  18 rats
  A fungus (Lair:1)
  A plant (D:10)
463 creatures vanquished.

Vanquished Creatures (others)
  A slave (D:10)
  5 fungi
6 creatures vanquished.

Grand Total: 469 creatures vanquished

Notes
Turn   | Place    | Note
-------+----------+-------------------------------------------
     0 | D:1      | zero the Gargoyle Earth Elementalist began the quest for the Orb.
     0 | D:1      | Reached XP level 1. HP: 10/10 MP: 3/3
   342 | D:1      | Reached skill level 4 in Earth Magic
   342 | D:1      | Reached XP level 2. HP: 15/15 MP: 1/5
   742 | D:1      | Reached XP level 3. HP: 19/19 MP: 6/6
  1328 | D:2      | Found a white marble altar of Elyvilon.
  1558 | D:2      | Reached XP level 4. HP: 24/24 MP: 5/8
  1564 | D:2      | Reached skill level 5 in Earth Magic
  1983 | D:2      | Learned a level 3 spell: Stone Arrow
  2343 | D:2      | Reached skill level 1 in Conjurations
  2343 | D:2      | Reached XP level 5. HP: 13/28 MP: 0/10
  2586 | D:3      | Learned a level 5 spell: Lee's Rapid Deconstruction
  3512 | D:3      | Gained mutation: Your magical capacity is low. (-10% MP) [potion of mutation]
  3512 | D:3      | Gained mutation: Your muscles are strong. (Str +2) [potion of mutation]
  3515 | D:3      | Learned a level 1 spell: Apportation
  3517 | D:3      | Learned a level 1 spell: Confusing Touch
  3522 | D:3      | Found a faded altar of an unknown god.
  3610 | D:3      | Reached XP level 6. HP: 30/32 MP: 7/10
  3635 | D:3      | Reached skill level 6 in Earth Magic
  3956 | D:4      | Reached skill level 1 in Translocations
  4043 | D:4      | Reached skill level 1 in Hexes
  4355 | D:4      | Reached XP level 7. HP: 13/36 MP: 0/12
  4847 | D:5      | Entered Level 5 of the Dungeon
  4924 | D:5      | Noticed KristoblXynda's ghost (novice BaGl)
  5325 | D:5      | Found a glowing drain.
  5336 | Sewer    | Entered a sewer
  5856 | D:5      | Lost mutation: Your magical capacity is low. (-10% MP) [potion of mutation]
  5856 | D:5      | Lost mutation: Your muscles are strong. (Str +2) [potion of mutation]
  5856 | D:5      | Gained mutation: You are agile. (Dex +2) [potion of mutation]
  5856 | D:5      | Gained mutation: Your mind is acute. (Int +2) [potion of mutation]
  5857 | D:5      | Lost mutation: Your mind is acute. (Int +2) [potion of mutation]
  5857 | D:5      | Lost mutation: You are agile. (Dex +2) [potion of mutation]
  5857 | D:5      | Gained mutation: Your flesh is cold resistant. (rC+) [potion of mutation]
  5857 | D:5      | Gained mutation: Your mind is acute. (Int +2) [potion of mutation]
  5872 | D:5      | Reached skill level 5 in Spellcasting
  5872 | D:5      | Reached skill level 7 in Earth Magic
  5952 | D:5      | Reached XP level 8. HP: 41/41 MP: 8/15
  6217 | D:5      | Found a hide-covered altar of Uskayaw.
  6217 | D:5      | Found a stormy altar of Qazlal.
  6218 | D:5      | Found a glowing golden altar of the Shining One.
  6271 | D:5      | Found a staircase to the Ecumenical Temple.
  6507 | Temple   | Entered the Ecumenical Temple
  6556 | Temple   | Became a worshipper of Vehumet
  6866 | D:5      | Reached skill level 8 in Earth Magic
  6888 | D:5      | Gained mutation: Your mind is very acute. (Int +4) [mutagenic meat]
  6889 | D:5      | Gained mutation: Your muscles are strong. (Str +2) [mutagenic meat]
  6890 | D:5      | Gained mutation: Your spells are a little harder to cast, but a little more powerful. [mutagenic meat]
  6891 | D:5      | Gained mutation: You have a pair of small horns on your head. [mutagenic meat]
  7212 | D:5      | Killed KristoblXynda's ghost
  7212 | D:5      | Reached XP level 9. HP: 16/45 MP: 4/18
  7908 | D:6      | Reached skill level 9 in Earth Magic
  8691 | D:7      | Reached * piety under Vehumet
  8691 | D:7      | Offered knowledge of Magic Dart by Vehumet.
  8839 | D:7      | Reached skill level 5 in Conjurations
  9211 | D:7      | Offered knowledge of Freeze by Vehumet.
  9301 | D:7      | Reached ** piety under Vehumet
  9412 | D:7      | Reached skill level 10 in Earth Magic
  9618 | D:7      | Reached XP level 10. HP: 50/50 MP: 20/20
  9622 | D:7      | Found Gell's General Store.
 10275 | D:8      | Noticed Maurice
 10283 | D:8      | Reached skill level 11 in Earth Magic
 10283 | D:8      | Killed Maurice
 10529 | D:8      | Noticed Grum
 10551 | D:8      | Killed Grum
 10551 | D:8      | Reached skill level 12 in Earth Magic
 10878 | D:8      | Found Sipput Munwi's Antique Weapon Boutique.
 10918 | D:8      | Found Ziob's Jewellery Emporium.
 10918 | D:8      | Found Lidady's Antique Weapon Shop.
 10926 | D:8      | Bought an uncursed ring of wizardry for 360 gold pieces
 11062 | D:8      | Found Deck's Weapon Emporium.
 11077 | D:8      | Offered knowledge of Ignite Poison by Vehumet.
 11083 | D:8      | Learned a level 3 spell: Ignite Poison
 11258 | D:8      | Noticed Pikel
 11266 | D:8      | Killed Pikel
 11266 | D:8      | Reached skill level 13 in Earth Magic
 11369 | D:8      | Got an ichor-stained trident
 11370 | D:8      | Identified the +7 trident of Ancient Evil {flame, rC+ MP+9} (You found it on level 8 of the Dungeon)
 11510 | D:8      | Found Tikedih's Antique Armour Boutique.
 11719 | D:9      | Noticed a two-headed ogre
 11723 | D:9      | Killed a two-headed ogre
 11779 | D:9      | Reached XP level 11. HP: 57/57 MP: 21/21
 11803 | D:10     | Entered Level 10 of the Dungeon
 12218 | D:9      | Reached *** piety under Vehumet
 12311 | D:9      | Found a shattered altar of Ashenzari.
 12316 | D:9      | Found a shimmering altar of Xom.
 12316 | D:9      | Found a blossoming altar of Fedhas.
 13099 | D:9      | Found a staircase to the Orcish Mines.
 13108 | D:9      | Offered knowledge of Olgreb's Toxic Radiance by Vehumet.
 13109 | D:9      | Reached skill level 14 in Earth Magic
 13125 | D:9      | Killed an unseen horror
 13450 | D:9      | Found a deep blue altar of Sif Muna.
 13544 | D:10     | Reached skill level 5 in Fighting
 13571 | D:10     | Reached **** piety under Vehumet
 13721 | D:10     | Offered knowledge of Sticky Flame by Vehumet.
 13729 | D:10     | Learned a level 4 spell: Sticky Flame
 14041 | D:10     | Found a staircase to the Lair.
 14070 | D:10     | Killed an unseen horror
 14070 | D:10     | Reached skill level 1 in Fire Magic
 14420 | D:10     | Noticed a two-headed ogre
 14425 | D:10     | Killed a two-headed ogre
 14691 | D:10     | Noticed Erica
 14697 | D:10     | Killed Erica
 14697 | D:10     | Reached skill level 5 in Dodging
 14806 | D:10     | Reached XP level 12. HP: 70/70 MP: 22/22
 14814 | D:10     | Noticed Fannar
 14832 | D:9      | Killed Fannar
 15202 | Lair:1   | Entered Level 1 of the Lair of Beasts
 15384 | Lair:1   | Reached ***** piety under Vehumet
 15386 | Lair:1   | Offered knowledge of Iron Shot by Vehumet.
 15526 | Lair:1   | Learned a level 6 spell: Iron Shot
 16061 | Lair:1   | Reached skill level 15 in Earth Magic
 18034 | Lair:3   | Reached skill level 5 in Fire Magic
 18356 | Lair:4   | Reached XP level 13. HP: 76/76 MP: 25/25
 19310 | Lair:4   | Found a hole to the Spider Nest.
 19460 | Lair:4   | Found a staircase to the Swamp.
 20229 | Lair:5   | Found a labyrinth entrance.
 20238 | Lab      | Entered a labyrinth
 20609 | Lab      | Noticed a minotaur
 20619 | Lab      | HP: 1/76 [minotaur/brightly glowing halberd {drain} (14)]
 20630 | Lab      | HP: 3/76 [minotaur/brightly glowing halberd {drain} (23)]
 20633 | Lab      | Identified the +9 halberd of the Purple Skies {drain, rN+ Str+3}
 20633 | Lab      | Mangled by a minotaur

Vault maps used:
D:1:      lightli_iron_boxes
D:2:      old_standard_altar, minmay_pentomino_w4
D:3:      first_bread, chequers_ecumenical_altar_simple
D:5:      gammafunk_temple_overflow_forgotten, minmay_temple_entry_mist,
          gup_sewer_entry_pipe, minmay_divided_ellipse
D:7:      serial_shops, nicolae_shop_waterfront
D:8:      serial_shops, shop, kennysheep_mini, nicolae_shop_trees,
          nicolae_shop_overgrown_old_shop, kennysheep_little_box, uniq_grum,
          uniq_pikel, uniq_maurice
D:9:      chequers_temple_overflow_statue_of_worship, overflow_temple_1_default,
          kennysheep_orc_monster_closet_entryway, tgw_sif
D:10:     erik_lair_orcish_takeover, uniq_erica, uniq_fannar
Temple:   eino_wide_crystal_templ
Lair:1:   special_room, minmay_lair_oklob_bushes, serial_bayou_pond_b
Lair:3:   st_stairs_12, serial_bayou_crossing, lemuel_fruit_tree
Lair:4:   swamp_mist_pool, nicolae_spider_entry_tight_spaces, minivault_24,
          lemuel_old_faithful, grunt_megastairs_4
Lair:5:   cheibrodos_lair_overgrown_chateau, slime_dummy, lab_entry_generic,
          serial_bayou_shore_a, minmay_lair_oklob_chamber
Lab:      labyrinth_mini_lab
Sewer:    sewer_co_cracked_pipes

Skill      XL: |  1  2  3  4  5  6  7  8  9 10 11 12 13 |
---------------+----------------------------------------+-----
Earth Magic    | 4 5 6 7 8 10 13 14 15 | 15.1
Spellcasting   | 3 4 5 6 7 8 9 |  9.2
Conjurations   | 1 2 3 4 5 7 8 |  8.6
Translocations | 1 2 3 4 |  4.1
Hexes          | 1 2 3 4 |  4.0
Fighting       | 2 6 7 |  7.0
Dodging        | 2 5 6 |  6.7
Fire Magic     | 2 5 |  5.8
Stealth        | |  2.1
Transmutations | |  0.7

Action                   |  1- 3 |  4- 6 |  7- 9 | 10-12 | 13-15 || total
-------------------------+-------+-------+-------+-------+-------++-------
Melee: Unarmed           |     5 |       |       |       |       ||     5
       Hunting sling     |       |     8 |       |       |       ||     8
       Halberd           |       |    57 |       |       |       ||    57
       Short sword       |       |    50 |   278 |     2 |       ||   330
       Headbutt          |       |       |     8 |    17 |     6 ||    31
       Dagger            |       |       |       |    18 |       ||    18
       Trident           |       |       |       |   141 |    27 ||   168
 Fire: Hunting sling     |    21 |    40 |       |       |       ||    61
 Cast: Sandblast         |    27 |    55 |    65 |   131 |    35 ||   313
       Confusing Touch   |       |     4 |     1 |       |       ||     5
       Stone Arrow       |       |       |    37 |   121 |    10 ||   168
       Lee's Rapid Decon |       |       |     6 |    47 |       ||    53
       Ignite Poison     |       |       |       |     1 |       ||     1
       Sticky Flame      |       |       |       |     7 |    28 ||    35
  Use: Scroll            |     1 |    10 |    11 |     5 |     4 ||    31
       Potion            |       |     2 |     2 |     1 |     4 ||     9
 Stab: Sleeping          |       |     2 |     8 |     9 |       ||    19
  Eat: Bread ration      |     1 |       |       |       |       ||     1
       Meat ration       |       |     1 |     2 |     1 |       ||     4
       Fruit             |       |     4 |     1 |     7 |     6 ||    18
       Chunk             |       |       |    10 |    16 |     2 ||    28
       Royal jelly       |       |       |     2 |     4 |       ||     6
Armor: Robe              |     7 |    87 |   152 |   145 |    42 ||   433
Dodge: Dodged            |    12 |   123 |   210 |   210 |    68 ||   623

Table legend:
 A = Spawn XP
 B = Non-spawn XP
 C = Spawn XP percentage of total XP
 D = Spawn monster count
 E = Non-spawn monster count
 F = Spawn count percentage of total count
 G = Total turns spent on level
                    A         B        C        D         E        F      G
               +---------+---------+-------+---------+---------+-------+---------
         Total |       0 |   39987 |   0.0 |       0 |     461 |   0.0 | 20633
               +---------+---------+-------+---------+---------+-------+---------
           D:1 |       0 |      36 |   0.0 |       0 |      16 |   0.0 |  1262
           D:2 |       0 |     135 |   0.0 |       0 |      25 |   0.0 |  1472
           D:3 |       0 |     253 |   0.0 |       0 |      34 |   0.0 |  1198
           D:4 |       0 |     392 |   0.0 |       0 |      21 |   0.0 |  1198
           D:5 |       0 |    1816 |   0.0 |       0 |      43 |   0.0 |  1834
           D:6 |       0 |     755 |   0.0 |       0 |      19 |   0.0 |  1171
           D:7 |       0 |    1691 |   0.0 |       0 |      49 |   0.0 |  1531
           D:8 |       0 |    3089 |   0.0 |       0 |      31 |   0.0 |  1411
           D:9 |       0 |    6397 |   0.0 |       0 |      47 |   0.0 |  2156
          D:10 |       0 |    4865 |   0.0 |       0 |      47 |   0.0 |  1447
        Lair:1 |       0 |    4427 |   0.0 |       0 |      36 |   0.0 |  1350
        Lair:2 |       0 |    1968 |   0.0 |       0 |       8 |   0.0 |   837
        Lair:3 |       0 |    6698 |   0.0 |       0 |      30 |   0.0 |  1490
        Lair:4 |       0 |    6837 |   0.0 |       0 |      28 |   0.0 |  1312
        Lair:5 |       0 |     557 |   0.0 |       0 |       3 |   0.0 |    47
         Sewer |       0 |      71 |   0.0 |       0 |      24 |   0.0 |   453
               +---------+---------+-------+---------+---------+-------+---------
